 Dungeon Sprint DCSS version 0.31-a0-18-gea43df2a32 (webtiles) character file.

Game seed: 17439013500626080698

6300000 sircluck the Formicid Barricade (level 27, -37/249 HPs)
             Began as a Formicid Fighter on May 11, 2023.
             Was the Champion of Makhleb.
             Annihilated by The Servant
             ... wielding a +9 glaive of flaming
              (71 damage)
             ... in the Dungeon (Sprint VIII: "Arena of Blood").
             The game lasted 00:02:57 (63 turns).

sircluck the Formicid Barricade (Formicid Fighter)    Turns: 63, Time: 00:02:58

Health: -37/249    AC: 13    Str: 34    XL:     27
Magic:  27/47      EV: 19    Int:  9    God:    Makhleb [******]
Gold:   0          SH: 11    Dex: 13    Spells: 67/67 levels left

rFire   . . .        i - +∞ Axe of Woe
rCold   . . .        c - +0 buckler
rNeg    . . .        b - +0 scale mail
rPois   .            (helmet unavailable)
rElec   .            (no cloak)
rCorr   .            (no gloves)
SInv    +            (no boots)
Will    ++...        (no amulet)
Stlth   ++++++++     (no ring)
HPRegen 0.61/turn    (no ring)
MPRegen 0.30/turn

%: no passive effects
@: no status effects
A: permanent stasis, dig shafts and tunnels, antennae 3, four strong arms
a: Dig, Renounce Religion, Minor Destruction, Lesser Servant of Makhleb, Major
Destruction, Greater Servant of Makhleb


You were in the Dungeon.
You worshipped Makhleb.
Makhleb was exalted by your worship.
You visited 1 branch

Inventory:

Hand Weapons
 a - a +0 war axe
 i - the +∞ Axe of Woe (weapon)
   (You found it in the Dungeon)
Armour
 b - a +0 scale mail (worn)
 c - a +0 buckler (worn)
Scrolls
 h - a scroll of blinking
Potions
 d - a potion of might
 e - a potion of curing
 f - a potion of heal wounds
 g - 2 potions of magic


   Skills:
 O Level 27 Fighting
 + Level 20.7(24.0) Short Blades
 + Level 20.7(24.0) Long Blades
 O Level 27 Axes
 + Level 20.7(27) Maces & Flails
 + Level 20.7(27) Polearms
 + Level 20.7(26.8) Staves
 + Level 20.7 Ranged Weapons
 + Level 20.7 Throwing
 O Level 27 Armour
 + Level 19.2 Dodging
 + Level 26.0 Stealth
 O Level 27 Shields
 + Level 20.7 Unarmed Combat
 + Level 20.7 Spellcasting
 + Level 19.4 Conjurations
 + Level 26.3 Hexes
 + Level 20.7 Summonings
 + Level 20.7 Necromancy
 + Level 19.2 Translocations
 + Level 22.7 Transmutations
 + Level 21.0 Fire Magic
 + Level 21.0 Ice Magic
 + Level 18.0 Air Magic
 + Level 24.5 Earth Magic
 O Level 27 Poison Magic
 + Level 26.6 Invocations
 + Level 24.7 Evocations


You had 67 spell levels left.
You didn't know any spells.
Your spell library was empty.

Dungeon Overview and Level Annotations

Branches:
Dungeon (1/1)

Altars:
Makhleb

Annotations:
D The Servant


Innate Abilities, Weirdness & Mutations

You cannot be hasted, slowed, berserked, paralysed or teleported.
You can dig through walls and to a lower floor.
You have a pair of large antennae on your head. (SInv)
Your four strong arms can wield two-handed weapons with a shield.


Message History

Unknown command.
Unknown command.
You hear a shout! x5
A destroyer comes into view. It is wielding a +9 heavy great sword.
You hear a shout! x10
You see here a ring of see invisible.
The destroyer shouts!
You dice the meat berserker like an onion!!!
You cleave the meat berserker in twain.
You kill the meat berserker!
Makhleb accepts your kill.
You feel better.
You hear a shout! x4
The destroyer gestures at you while chanting.
The destroyer blinks!
You hear a shout! x3
Your Stealth skill increases to level 26!
Your Fire Magic skill increases to level 21!
Your Ice Magic skill increases to level 21!
Your Air Magic skill increases to level 18!
Unknown command.
Unknown command.
You hear a shout! x4
The Servant hits you from afar with a +9 glaive of flaming!!!!
* * * LOW HITPOINT WARNING * * *
The Servant burns you!!!
* * * LOW HITPOINT WARNING * * *
You hear a shout! x5
The accursed casts a spell at you. Something smites you!
* * * LOW HITPOINT WARNING * * *
Unknown command.
You hit the sculptor of flesh but do no damage.
You chop the sculptor of flesh into pieces.
You destroy the sculptor of flesh!
Makhleb accepts your kill.
You feel better.
You hear a shout! x4
The Servant hits you from afar with a +9 glaive of flaming!!!
You die...

#################
###.....o.)@...V..#
......o...).....§..
.......##@##.#####.
V......ooo{{.....
####...oo##.##...
......).M{........
#.....)))z.#.#o...
#.....§.).........
.#....○°○§{......


You could see an accursed, The Servant, a destroyer and 7 bags of meat.

Vanquished Creatures
  5 vampire knights (D)
  23 ogres (D)
  4 two-headed ogres (D)
  A lich (D)
  A hydra (D)
  45 orcs (D)
  3 skeletal warriors (D)
82 creatures vanquished.

Notes
Turn   | Place    | Note
-------+----------+-------------------------------------------
     0 | D        | Found the +∞ Axe of Woe
     0 | D        | sircluck the Formicid Fighter began the quest for the Orb.
     0 | D        | Reached XP level 1. HP: 18/18 MP: 1/1
     2 | D        | Noticed a meat berserker
     4 | D        | Became a worshipper of Makhleb the Destroyer
     5 | D        | Noticed a bag of meat
     6 | D        | Killed a meat berserker
     6 | D        | Noticed a bag of meat
     6 | D        | Noticed a bag of meat
     7 | D        | Reached skill level 10 in Axes
     7 | D        | Reached XP level 2. HP: 49/49 MP: 2/2
     7 | D        | Reached XP level 3. HP: 55/55 MP: 3/3
     7 | D        | Reached XP level 4. HP: 63/63 MP: 4/4
     7 | D        | Reached XP level 5. HP: 69/69 MP: 5/5
     7 | D        | Reached XP level 6. HP: 76/76 MP: 6/6
     7 | D        | Reached XP level 7. HP: 83/83 MP: 7/7
     7 | D        | Reached XP level 8. HP: 90/90 MP: 8/8
     7 | D        | Reached XP level 9. HP: 96/96 MP: 9/9
     7 | D        | Reached XP level 10. HP: 104/104 MP: 10/10
     7 | D        | Reached XP level 11. HP: 110/110 MP: 11/11
     7 | D        | Reached XP level 12. HP: 117/117 MP: 12/12
     7 | D        | Noticed a bag of meat
     8 | D        | Noticed a bag of meat
     9 | D        | Killed a bag of meat
     9 | D        | Reached * piety under Makhleb
     9 | D        | Noticed a meat berserker
     9 | D        | Noticed a bag of meat
     9 | D        | Noticed a meat berserker
    10 | D        | Reached XP level 13. HP: 127/127 MP: 13/13
    10 | D        | Noticed a meat berserker
    10 | D        | Noticed a meat berserker
    11 | D        | Killed a bag of meat
    11 | D        | Noticed a bag of meat
    11 | D        | Noticed a meat berserker
    11 | D        | Noticed a meat berserker
    11 | D        | Noticed a bag of meat
    11 | D        | Noticed a meat berserker
    11 | D        | Noticed a meat berserker
    11 | D        | Noticed a bag of meat
    12 | D        | Killed a bag of meat
    12 | D        | Killed a bag of meat
    12 | D        | Reached ** piety under Makhleb
    12 | D        | Noticed a bag of meat
    12 | D        | Noticed a bag of meat
    12 | D        | Noticed a meat berserker
    13 | D        | Reached XP level 14. HP: 115/143 MP: 14/14
    13 | D        | Killed a meat berserker
    13 | D        | Killed a meat berserker
    13 | D        | Noticed a bag of meat
    14 | D        | Reached skill level 27 in Shields
    14 | D        | Reached XP level 15. HP: 157/157 MP: 15/15
    14 | D        | Killed a meat berserker
    14 | D        | Reached *** piety under Makhleb
    14 | D        | Killed a meat berserker
    15 | D        | Reached skill level 27 in Fighting
    15 | D        | Reached skill level 27 in Armour
    15 | D        | Reached XP level 16. HP: 91/167 MP: 16/16
    15 | D        | Killed a meat berserker
    15 | D        | Reached **** piety under Makhleb
    15 | D        | Killed a meat berserker
    15 | D        | Killed a meat berserker
    16 | D        | Reached skill level 27 in Axes
    16 | D        | Reached XP level 17. HP: 96/174 MP: 17/17
    16 | D        | Killed a meat berserker
    16 | D        | Reached ***** piety under Makhleb
    17 | D        | Reached skill level 5 in Short Blades
    17 | D        | Reached skill level 5 in Long Blades
    17 | D        | Reached skill level 5 in Maces & Flails
    17 | D        | Reached skill level 5 in Polearms
    17 | D        | Reached skill level 5 in Staves
    17 | D        | Reached skill level 5 in Ranged Weapons
    17 | D        | Reached skill level 5 in Throwing
    17 | D        | Reached skill level 5 in Dodging
    17 | D        | Reached skill level 5 in Unarmed Combat
    17 | D        | Reached skill level 5 in Spellcasting
    17 | D        | Reached skill level 5 in Conjurations
    17 | D        | Reached skill level 5 in Summonings
    17 | D        | Reached skill level 5 in Necromancy
    17 | D        | Reached skill level 5 in Translocations
    17 | D        | Reached skill level 5 in Fire Magic
    17 | D        | Reached skill level 5 in Ice Magic
    17 | D        | Reached XP level 18. HP: 133/182 MP: 17/26
    19 | D        | Killed a meat berserker
    20 | D        | Reached skill level 10 in Hexes
    20 | D        | Reached skill level 10 in Poison Magic
    20 | D        | Reached skill level 10 in Invocations
    20 | D        | Reached XP level 19. HP: 137/189 MP: 17/30
    21 | D        | Reached skill level 10 in Stealth
    22 | D        | Reached skill level 10 in Earth Magic
    22 | D        | Reached skill level 10 in Evocations
    22 | D        | Reached ****** piety under Makhleb
    22 | D        | Noticed a destroyer
    22 | D        | Noticed a meat berserker
    24 | D        | Noticed a meat berserker
    25 | D        | Reached skill level 10 in Transmutations
    25 | D        | Noticed a destroyer
    25 | D        | Noticed a large bag of meat
    26 | D        | Noticed a meat berserker
    27 | D        | Reached XP level 20. HP: 197/197 MP: 18/33
    28 | D        | Killed a destroyer
    28 | D        | Killed a meat berserker
    29 | D        | Reached skill level 10 in Short Blades
    29 | D        | Reached skill level 10 in Long Blades
    29 | D        | Reached skill level 10 in Maces & Flails
    29 | D        | Reached skill level 10 in Polearms
    29 | D        | Reached skill level 10 in Staves
    29 | D        | Reached skill level 10 in Ranged Weapons
    29 | D        | Reached skill level 10 in Throwing
    29 | D        | Reached skill level 10 in Unarmed Combat
    29 | D        | Reached skill level 10 in Spellcasting
    29 | D        | Reached skill level 10 in Summonings
    29 | D        | Reached skill level 10 in Necromancy
    29 | D        | Reached skill level 10 in Fire Magic
    29 | D        | Reached skill level 10 in Ice Magic
    29 | D        | Reached skill level 15 in Poison Magic
    29 | D        | Noticed a meat berserker
    29 | D        | Noticed a meat berserker
    30 | D        | Noticed a destroyer
    31 | D        | Noticed a meat berserker
    32 | D        | Reached skill level 10 in Dodging
    32 | D        | Reached skill level 10 in Conjurations
    32 | D        | Reached skill level 10 in Translocations
    32 | D        | Killed a meat berserker
    33 | D        | Reached XP level 21. HP: 204/204 MP: 19/36
    33 | D        | Killed a destroyer
    33 | D        | Killed a meat berserker
    33 | D        | Noticed a large bag of meat
    34 | D        | Reached skill level 15 in Stealth
    34 | D        | Reached skill level 10 in Air Magic
    34 | D        | Noticed a meat berserker
    35 | D        | Killed a large bag of meat
    35 | D        | Killed a destroyer
    35 | D        | Killed a meat berserker
    35 | D        | Noticed a meat berserker
    35 | D        | Noticed a meat berserker
    36 | D        | Reached skill level 15 in Earth Magic
    36 | D        | Reached XP level 22. HP: 175/212 MP: 20/39
    36 | D        | Killed a meat berserker
    36 | D        | Noticed a large bag of meat
    37 | D        | Killed a meat berserker
    38 | D        | Reached skill level 15 in Transmutations
    38 | D        | Noticed a large bag of meat
    38 | D        | Noticed a destroyer
    39 | D        | Killed a meat berserker
    40 | D        | Reached XP level 23. HP: 219/219 MP: 21/41
    42 | D        | Reached skill level 15 in Short Blades
    42 | D        | Reached skill level 15 in Long Blades
    42 | D        | Reached skill level 15 in Maces & Flails
    42 | D        | Reached skill level 15 in Polearms
    42 | D        | Reached skill level 15 in Staves
    42 | D        | Reached skill level 15 in Ranged Weapons
    42 | D        | Reached skill level 15 in Throwing
    42 | D        | Reached skill level 15 in Unarmed Combat
    42 | D        | Reached skill level 15 in Spellcasting
    42 | D        | Reached skill level 15 in Summonings
    42 | D        | Reached skill level 15 in Necromancy
    42 | D        | Reached skill level 15 in Fire Magic
    42 | D        | Reached skill level 15 in Ice Magic
    43 | D        | Killed a destroyer
    44 | D        | Reached XP level 24. HP: 227/227 MP: 22/43
    44 | D        | Killed a large bag of meat
    45 | D        | Reached skill level 15 in Dodging
    45 | D        | Reached skill level 15 in Conjurations
    45 | D        | Reached skill level 15 in Translocations
    46 | D        | Killed a large bag of meat
    47 | D        | Reached skill level 15 in Air Magic
    47 | D        | Reached XP level 25. HP: 217/234 MP: 22/44
    47 | D        | Noticed a tyrant
    48 | D        | Noticed The Servant
    49 | D        | Killed a large bag of meat
    49 | D        | Noticed an accursed
    49 | D        | Noticed a destroyer
    50 | D        | Reached XP level 26. HP: 211/242 MP: 23/46
    52 | D        | Reached skill level 27 in Poison Magic
    53 | D        | Killed a tyrant
    54 | D        | Noticed a destroyer
    55 | D        | Reached XP level 27. HP: 249/249 MP: 24/47
    58 | D        | Killed a destroyer
    60 | D        | Noticed a destroyer
    62 | D        | HP: 11/249 [accursed/divine providence (12)]
    63 | D        | Annihilated by The Servant

Illustrated notes

Levels and vault maps discovered:
D:        meatsprint

Skill      XL: |  1  2  3  4  5  6  7  8  9 10 11 12 13 14 15 16 17 18 19 20 21 22 23 24 25 26 27 |
---------------+----------------------------------------------------------------------------------+-----
Fighting       | 18 20 23 26 27 | 27.0
Axes           | 10 11 13 17 25 27 | 27.0
Armour         | 18 19 22 25 27 | 27.0
Shields        | 20 22 25 27 | 27.0
Short Blades   | 5 7 9 11 13 14 16 17 19 20 | 20.7
Long Blades    | 5 7 9 11 13 14 16 17 19 20 | 20.7
Maces & Flails | 5 7 9 11 13 14 16 17 19 20 | 20.7
Polearms       | 5 7 9 11 13 14 16 17 19 20 | 20.7
Staves         | 5 7 9 11 13 14 16 17 19 20 | 20.7
Ranged Weapons | 5 7 9 11 13 14 16 17 19 20 | 20.7
Throwing       | 5 7 9 11 13 14 16 17 19 20 | 20.7
Dodging        | 5 6 8 10 12 13 14 16 17 18 19 | 19.2
Stealth        | 7 9 12 14 17 18 20 22 24 25 26 | 26.0
Unarmed Combat | 5 7 9 11 13 14 16 17 19 20 | 20.7
Spellcasting   | 5 7 9 11 13 14 16 17 19 20 | 20.7
Conjurations   | 5 6 8 10 12 13 14 16 17 18 19 | 19.4
Hexes          | 7 10 12 14 17 19 21 22 24 25 26 | 26.3
Summonings     | 5 7 9 11 13 14 16 17 19 20 | 20.7
Necromancy     | 5 7 9 11 13 14 16 17 19 20 | 20.7
Translocations | 5 6 8 10 12 13 14 16 17 18 19 | 19.2
Transmutations | 6 8 10 12 14 15 17 19 20 22 | 22.7
Fire Magic     | 5 7 9 11 13 14 16 17 19 20 21 | 21.0
Ice Magic      | 5 7 9 11 13 14 16 17 19 20 21 | 21.0
Air Magic      | 4 6 7 9 11 12 13 15 16 17 18 | 18.0
Earth Magic    | 6 8 11 13 15 17 19 20 22 23 24 | 24.5
Poison Magic   | 8 10 13 16 18 20 22 24 26 27 | 27.0
Invocations    | 7 10 12 14 17 19 20 22 24 25 26 | 26.6
Evocations     | 6 9 11 13 16 17 19 21 22 24 | 24.7

Action                     |  1- 3 |  4- 6 |  7- 9 | 10-12 | 13-15 | 16-18 | 19-21 | 22-24 | 25-27 || total
---------------------------+-------+-------+-------+-------+-------+-------+-------+-------+-------++-------
  Melee: Executioner's axe |     1 |       |       |     1 |     4 |     4 |    12 |     8 |     8 ||    38
 Armour: Scale mail        |       |       |       |       |       |       |       |       |     1 ||     1
  Dodge: Dodged            |       |       |       |       |     1 |       |       |       |     3 ||     4
  Block: Buckler           |       |       |       |       |       |       |       |       |     2 ||     2

Table legend: (Time is in decaauts)
 A = Elapsed time spent in this place.
 B = Non-inter-level travel time spent in this place.
 C = Inter-level travel time spent in this place.
 D = Time resting spent in this place.
 E = Time spent auto-exploring this place.
 F = Levels seen in this place.
 G = Mean time per level.
                   A        B        C        D        E       F      G
               +--------+--------+--------+--------+--------+-----+--------+
         Total |     55 |     55 |      0 |      0 |      0 |   1 |   55.0 |
       Dungeon |     55 |     55 |      0 |      0 |      0 |   1 |   55.0 |
               +--------+--------+--------+--------+--------+-----+--------+

Top non-repeatable levels by time:
       D: 55 daAuts
